 Dungeon Crawl Stone Soup version 0.18-a0-1551-g40744a8 (webtiles) character file.

333 Bubs the Chopper (level 6, -10/56 HPs)
             Began as a Hill Orc Fighter on Mar 11, 2016.
             Mangled by an ogre
             ... wielding a +0 giant club
              (17 damage)
             ... on level 4 of the Dungeon.
             The game lasted 00:07:13 (3462 turns).

Bubs the Chopper (Hill Orc Fighter)                 Turns: 3462, Time: 00:07:13

Health: -10/56     AC:  9    Str: 21    XL:     6   Next: 52%
Magic:  6/6        EV:  6    Int:  8    God:
Gold:   176        SH:  9    Dex: 10    Spells: 0 memorised, 5 levels left

rFire  . . .     SeeInvis .     a - +0 war axe
rCold  . . .     Gourm    .     w - +0 chain mail
rNeg   . . .     Faith    .     c - +0 shield
rPois  .         Spirit   .     (no helmet)
rElec  .         Dismiss  .     (no cloak)
rCorr  .         Reflect  .     (no gloves)
SustAt .         Harm     .     (no boots)
MR     .....                    (no amulet)
Stlth  ..........               (no ring)
                                (no ring)

@: not resistant to hostile enchantments, extremely unstealthy
A: no striking features
a: no special abilities


You were on level 4 of the Dungeon.
You were hungry.

You visited 1 branch of the dungeon, and saw 4 of its levels.

You collected 176 gold pieces.

Inventory:

Hand Weapons
 a - a +0 war axe (weapon)
Armour
 c - a +0 shield (worn)
 w - a +0 chain mail (worn)
Wands
 v - a wand of teleportation (1/9)
 x - a wand of polymorph (9/24)
Scrolls
 g - a scroll of fog {unknown}
 j - a scroll of amnesia {unknown}
 l - a scroll of blinking {unknown}
 q - a scroll of recharging
 s - a scroll of teleportation {unknown}
 t - a scroll of fear
 u - a scroll of remove curse {unknown}
Potions
 d - a potion of might
 e - a potion of agility {unknown}
 h - 2 potions of curing
 k - a potion of resistance {unknown}
 m - a potion of brilliance {unknown}
 o - a potion of degeneration {unknown}
 p - a potion of heal wounds {unknown}
 r - 2 potions of flight {unknown}
Comestibles
 b - a royal jelly
 f - 4 bread rations
 i - a slice of pizza
 n - 12 fruits


   Skills:
 + Level 5.0 Fighting
 + Level 5.2 Axes
 + Level 4.4 Armour
 + Level 1.2 Dodging
 + Level 0.5 Stealth
 + Level 4.4 Shields


You had 5 spell levels left.
You didn't know any spells.

Dungeon Overview and Level Annotations

Branches:
Dungeon (4/15)
 Temple: D:4-7

Altars:
Dithmenos
Gozag
Ru
Xom

Annotations:
D:4 Dowan, Duvessa


Message History

The ogre is moderately wounded.
You closely miss the iguana. The iguana bites you.
The ogre hits you with a giant club!
Your chain mail prevents you from hitting the ogre.
The ogre is moderately wounded.
You hit the iguana but do no damage. The iguana bites you.
You block the ogre's attack. The iguana bites you!
You hit the ogre.
The ogre is heavily wounded.
Your shield and chain mail prevent you from hitting the iguana.
The ogre hits you with a giant club!
* * * LOW HITPOINT WARNING * * *
The iguana bites you.
* * * LOW HITPOINT WARNING * * *
You hit the ogre but do no damage.
The ogre is heavily wounded.
You hit the iguana but do no damage.
The iguana bites you but does no damage.
The ogre hits you with a giant club!
You die...

###........## #
............ #.#.
#$........# #.#
.#.........# ...
......!...#
##(###........#
........O.....# .#
........@.....# #.#
#.##...l.....# #.#
#..######## #.# ##.## #.#
# #..# #.#.#
.######.#########.#.#
..........[.........#
########.########.######.
........................


You could see an ogre and an iguana.

Vanquished Creatures
  An orc priest (D:4)
  An orc wizard (D:3)
  Jessica (D:3)
  Natasha (thrice) (D:3)
  A hound skeleton (D:4)
  Robin (D:3)
  A gnoll (D:1)
  4 adders
  2 worms (D:2)
  5 dart slugs
  A giant gecko (D:3)
  6 orcs
  11 bats
  2 giant cockroaches (D:1)
  10 goblins
  13 hobgoblins
  6 jackals
  2 ball pythons
  A giant gecko skeleton (D:4)
  3 giant newts (D:1)
  6 kobolds
  4 rats (D:1)
85 creatures vanquished.

Notes
Turn   | Place    | Note
--------------------------------------------------------------
     0 | D:1      | Bubs the Hill Orc Fighter began the quest for the Orb.
     0 | D:1      | Reached XP level 1. HP: 19/19 MP: 1/1
    83 | D:1      | Reached XP level 2. HP: 27/27 MP: 2/2
   472 | D:1      | Reached XP level 3. HP: 33/33 MP: 3/3
   971 | D:2      | Found a shadowy altar of Dithmenos.
  1026 | D:2      | Reached XP level 4. HP: 40/40 MP: 4/4
  1471 | D:2      | Found a shimmering altar of Xom.
  1854 | D:3      | Noticed Natasha
  1866 | D:3      | Killed Natasha
  1959 | D:3      | Reached skill level 1 in Dodging
  1988 | D:3      | Noticed Robin
  2007 | D:3      | Reached XP level 5. HP: 46/46 MP: 5/5
  2028 | D:3      | Killed Robin
  2124 | D:3      | Found a sacrificial altar of Ru.
  2150 | D:3      | Noticed Jessica
  2188 | D:3      | Killed Jessica
  2508 | D:3      | Noticed Natasha
  2521 | D:3      | Killed Natasha
  2521 | D:3      | Reached XP level 6. HP: 19/53 MP: 6/6
  2753 | D:3      | Found an opulent altar of Gozag.
  2944 | D:3      | Noticed Natasha
  2960 | D:3      | Killed Natasha
  3194 | D:4      | Reached skill level 5 in Axes
  3200 | D:4      | Reached skill level 5 in Fighting
  3400 | D:4      | Noticed Duvessa
  3403 | D:4      | Noticed Dowan
  3403 | D:4      | Noticed a slave
  3462 | D:4      | Mangled by an ogre

Vault maps used:
D:1:      saegor_arrival_simple_e
D:2:      minmay_door_path, nicolae_overflow_hidden_temple, marbit_many_paths
D:3:      grunt_gozag_statues, old_standard_altar, uniq_natasha, uniq_jessica,
          uniq_robin
D:4:      old_standard_altar, first_bread, uniq_sigmund, uniq_eustachio,
          uniq_duvessa, uniq_pikel

Skill      XL: |  1  2  3  4  5  6 |
---------------+-------------------+-----
Shields        | 4 |  4.4
Axes           | 3 4 5 |  5.2
Fighting       | 4 5 |  5.0
Armour         | 4 |  4.4
Dodging        | 1 |  1.2
Stealth        | |  0.5

Action                   |  1- 3 |  4- 6 || total
-------------------------+-------+-------++-------
Melee: War axe           |   111 |   175 ||   286
  Use: Scroll            |       |     3 ||     3
  Eat: Chunk             |       |     8 ||     8
